 Dungeon Crawl Stone Soup version 0.30-a0-634-g8abc85282e (webtiles) character file.

Game seed: 15587694734703540327

3425 sokol815 the Destroyer (level 10, -3/48 (56) HPs)
             Began as an Octopode Fire Elementalist on Jan 14, 2023.
             Slain by a wight
             ... wielding a +0 long sword
              (9 damage)
             ... on level 8 of the Dungeon.
             The game lasted 00:25:04 (10600 turns).

sokol815 the Destroyer (OpFE)                      Turns: 10600, Time: 00:25:05

HP:   -3/48 (56)    AC:  1    Str:  8    XL:     10   Next: 5%
MP:   7/26          EV: 13    Int: 21    God:
Gold: 556           SH:  0    Dex: 13    Spells: 8/19 levels left

rFire   . . .      SeeInvis .    a - +6 hand axe (freeze)
rCold   + . .      Faith    .    (no shield)
rNeg    . . .      Spirit   .    (helmet restricted)
rPois   .          Reflect  .    (no amulet)
rElec   .          Harm     .    o - ring of magical power {MP+9}
rCorr   .          Rampage  .    C - ring of protection from cold {rC+, !d}
Will    .....                    (no ring)
Stlth   +++                      (no ring)
HPRegen 0.28/turn                (no ring)
MPRegen 0.20/turn                (no ring)
                                 (no ring)
                                 (no ring)

@: heavily drained
A: almost no armour, amphibious, 8 rings, camouflage 1, gelatinous body 1,
(nimble swimmer 1), tentacles
a: no special abilities


You were on level 8 of the Dungeon.
You visited 2 branches of the dungeon, and saw 9 of its levels.

You collected 556 gold pieces.

Inventory:

Hand Weapons
 a - a +6 hand axe of freezing (weapon)
   (You took it off a wight on level 6 of the Dungeon)
 c - a +0 club
   (You took it off a kobold on level 1 of the Dungeon)
 e - a +0 short sword
   (You took it off a kobold on level 1 of the Dungeon)
 h - a +0 dagger of venom
   (You took it off a goblin on level 2 of the Dungeon)
 i - a +3 mace
   (You took it off a wight on level 6 of the Dungeon)
 j - a +1 dagger
   (You took it off a wight on level 6 of the Dungeon)
Missiles
 k - 28 poisoned darts
 l - 2 javelins
 s - 37 stones
Armour
 f - a +0 kite shield
   (You found it on level 7 of the Dungeon)
Jewellery
 n - an amulet of faith
   (You found it on level 6 of the Dungeon)
 o - a ring of magical power (left tentacle) {MP+9}
   (You found it on level 8 of the Dungeon)
 C - a ring of protection from cold (right tentacle) {rC+, !d}
   (You found it on level 8 of the Dungeon)
Wands
 g - a wand of roots (7)
   (You found it on level 5 of the Dungeon)
 q - a wand of flame (11)
   (You found it on level 4 of the Dungeon)
Scrolls
 d - a scroll of enchant armour
 D - 2 scrolls of blinking {!r}
 E - 2 scrolls of fear
 V - 2 scrolls of vulnerability {!r!r}
 Y - 4 scrolls of teleportation {@r3}
Potions
 b - a potion of magic
 m - a potion of cancellation
 G - 2 potions of ambrosia {!q}
 H - a potion of haste
 J - 5 potions of curing {@q1}
 L - a potion of flight
 M - a potion of might
 T - a potion of berserk rage {!q}


   Skills:
 - Level 2.0 Dodging
 - Level 2.6 Stealth
 - Level 5.0 Spellcasting
 - Level 9.5 Conjurations
 * Level 1.0 Translocations
 - Level 9.4 Fire Magic


You had 8 spell levels left.
You knew the following spells:

 Your Spells              Type           Power      Damage    Failure   Level
a - Foxfire               Conj/Fire      100%       2x1d9     1%          1
b - Flame Wave            Conj/Fire      45%        2d12      2%          4
c - Scorch                Fire           88%        2d9       1%          2
x - Iskenderun's Mystic   Conj/Tloc      27%        2d7       12%         4

Your spell library contained the following spells:

 Spells                   Type           Power      Damage    Failure   Level
 Inner Flame              Hex/Fire       25%        N/A       4%          3
 Kindle Blastsparks       Fire/Tloc/Air  38%        2d13      8%          3
 Sting                    Tmut/Pois      20%        1d4       11%         1
 Sublimation of Blood     Necr           5%         N/A       16%         2
 Wereblood                Tmut           5%         N/A       16%         2
 Fulminant Prism          Conj/Hex       12%        3d9       16%         4
 Conjure Ball Lightning   Conj/Air       12%        3x3d6     93%         6
 Lee's Rapid Deconstruct  Erth           2%         3d5*      96%         5
 Summon Hydra             Summ           2%         N/A       100%        7
 Discord                  Hex            2%         N/A       100%        8
 Disjunction              Tloc           4%         N/A       100%        8


Dungeon Overview and Level Annotations

Branches:
Dungeon (8/15) Zot: 25841  Temple (1/1) D:7 Zot: 5724    Lair (0/5) D:8

Altars:
Ashenzari
Cheibriados
Dithmenos
Elyvilon
Fedhas
Hepliaklqana
Kikubaaqudgha
Makhleb
Nemelex Xobeh
Okawaru
Qazlal
Ru
Sif Muna
Trog
Uskayaw
Vehumet
Wu Jian
Xom
Yredelemnul
Zin

Annotations:
D:4 Dowan, Duvessa
D:8 3 runed translucent doors, deadpool521's ghost, novice HOFi


Innate Abilities, Weirdness & Mutations

You cannot wear most types of armour.
You are amphibious.
You can wear up to eight rings at the same time.
Your skin changes colour to match your surroundings (Stealth+).
Your rubbery body absorbs attacks. (AC +1, EV +1)
((You are camouflaged when in or above water. (Stealth+)))
You have tentacles for arms and can constrict up to eight enemies at once.


Message History

An orc comes into view. It is wielding a +0 whip.
The orc shouts!
The orc hits you with a +0 trident.
You take 4 damage, and have 52/56 hp.
You barely miss the orc. You grab the orc. You squeeze the orc!
You kill the orc!
You see here a +0 trident.
The orc hits you with a +0 whip.
You take 3 damage, and have 50/56 hp.
You hit the orc. You freeze the orc. You grab the orc.
You squeeze the orc, but do no damage. You constrict the orc.
You kill the orc!
No target in view!
There's nothing to open nearby.
There's nothing to open nearby.
Unknown command.
There's nothing to open nearby.
You see here a +0 trident.
There is an open door here.
There is an open door here.
Items here: ))) [.
You see here a +0 hand axe.
Items here: )) [[.
You see here a +0 whip.
A white imp comes into view.
Health restored: 56 The white imp shouts, "Remove thy stench, thou erky base-court flax-wench!"
You barely miss the white imp. You grab the white imp.
You squeeze the white imp!
You constrict the white imp, but do no damage.
The white imp barely misses you. The white imp hits you.
The white imp freezes you. You resist.
You take 4 damage, and have 52/56 hp.
You hit the white imp.
You kill the white imp!
No target in view!
You pick up a book of Blasting and begin reading...
You add the spells Fulminant Prism, Iskenderun's Mystic Blast and Lee's Rapid Deconstruction to your library.
Health restored: 56 This spell is quite dangerous to cast!
Memorise Iskenderun's Mystic Blast, consuming 4 spell levels and leaving 8?
You start memorising the spell.
You continue memorising. x4
You finish memorising.
Spell assigned to 'x'.
There is an open door here.
Found a stone staircase leading down.
There is an open door here.
A wight comes into view.
It is wielding a +0 scimitar. 2 wights come into view.
The wight barely misses you.
You closely miss the wight. Your grab misses the wight.
You squeeze the wight, but do no damage.
The wight hits you with a +0 scimitar.
You feel drained.
You take 6 damage, and have 50/55 hp.
A wave of flame ripples out!
The flame wave engulfs the wight! (Press . to intensify the flame waves.)
You hear a shout!
The wight hits you with a +0 scimitar.
You feel drained.
A wight comes into view. It is wielding a +1 halberd.
You take 4 damage, and have 46/53 hp.
You now have 22/26 mp.
Restarting spell: Flame Wave (dangerous; 2% risk of failure)
A wave of flame ripples out!
The flame wave engulfs the wight!
You destroy the wight! (Press . to intensify the flame waves.)
You hear a shout!
An orc comes into view. It is wielding a +0 short sword.
Your Translocations skill increases to level 1!
You now have 18/26 mp.
Restarting spell: Flame Wave (dangerous; 2% risk of failure)
A wave of flame ripples out!
The flame wave engulfs the wight but does no damage. (Press . to intensify the flame waves.)
The wight hits you with a +0 long sword!
You feel drained.
You take 15 damage, and have 31/52 hp.
MASSIVE DAMAGE!!
You now have 14/26 mp.
Restarting spell: Flame Wave (dangerous; 2% risk of failure)
A wave of flame ripples out!
The flame wave engulfs the wight. (Press . to intensify the flame waves.)
An orc wizard comes into view.
It is wielding a +0 dagger of protection.
The wight hits you with a +0 long sword!
You feel drained.
You take 11 damage, and have 20/50 hp.
MASSIVE DAMAGE!!
You now have 10/26 mp.
Restarting spell: Flame Wave (dangerous; 2% risk of failure)
A wave of flame ripples out!
The flame wave engulfs the wight! (Press . to intensify the flame waves.)
The wight hits you with a +0 long sword!
* * * LOW HITPOINT WARNING * * *
You feel drained.
* * * LOW HITPOINT WARNING * * *
You take 14 damage, and have 6/48 hp.
MASSIVE DAMAGE!!
You now have 7/26 mp.
The wight attacks as you move away!
The wight hits you with a +0 long sword!
You die...

..# #.# #
#.######.#### #
#...........#
###########......#
.................#
###########......#
######### #......#
........# ######@#
#######'## #z#
#....# #z# #....#
#z# #....#


#oo ###.## ###### #.#####...# #....##...# ####.##...# You could see 3 wights, an
orc wizard and an orc.

Vanquished Creatures
  Maggie (D:6)
  A komodo dragon (D:8)
  Prince Ribbit (D:5)
  A steam dragon (D:8)
  An acid dragon (D:8)
  A water moccasin (D:6)
  An orc warrior (D:5)
  A hornet zombie (D:6)
  2 ice beasts
  A black bear (D:5)
  2 centaurs (D:7)
  An ogre (D:2)
  A phantom (D:4)
  A kobold brigand (D:7)
  A water moccasin zombie (D:6)
  A gnoll sergeant (D:5)
  3 necrophages
  5 wights
  A howler monkey (D:6)
  A centaur zombie (D:6)
  2 bullfrog zombies (D:6)
  3 hounds
  5 orc priests
  A human zombie (D:6)
  Ijyb (D:5)
  4 iguanas
  5 orc wizards
  A mummy (D:6)
  Robin (D:3)
  6 gnolls
  10 adders
  3 white imps
  A worm (D:2)
  2 dart slugs
  13 orcs
  5 bats
  4 endoplasms
  4 giant cockroaches
  7 goblins
  8 hobgoblins
  3 quokkas
  3 ball pythons
  3 frilled lizards
  9 kobolds
  4 rats
136 creatures vanquished.

Vanquished Creatures (others)
  336 foxfires
  2 plants (D:8)
338 creatures vanquished.

Grand Total: 474 creatures vanquished

Notes
Turn   | Place    | Note
-------+----------+-------------------------------------------
     0 | D:1      | sokol815 the Octopode Fire Elementalist began the quest for
                  | the Orb.
     0 | D:1      | Reached XP level 1. HP: 11/11 MP: 3/3
   352 | D:1      | Reached skill level 2 in Conjurations
   352 | D:1      | Reached XP level 2. HP: 17/17 MP: 1/5
   929 | D:1      | Reached XP level 3. HP: 21/21 MP: 3/6
  1278 | D:2      | Reached skill level 3 in Conjurations
  1701 | D:2      | Noticed an ogre
  1706 | D:2      | Killed an ogre
  1707 | D:2      | Reached XP level 4. HP: 27/27 MP: 1/8
  1707 | D:2      | Reached XP level 5. HP: 31/31 MP: 1/9
  2066 | D:2      | Reached skill level 3 in Spellcasting
  2343 | D:3      | Noticed Robin
  2355 | D:3      | Killed Robin
  2462 | D:3      | Reached skill level 4 in Conjurations
  2532 | D:3      | Identified the +0 pair of boots of the Game Afoot {-Cast
                  | rElec Slay+2}
  2606 | D:3      | Reached skill level 4 in Fire Magic
  3118 | D:4      | Found a shimmering altar of Xom.
  3184 | D:4      | Reached XP level 6. HP: 36/36 MP: 2/10
  3500 | D:4      | Noticed Dowan
  4094 | D:4      | Noticed Duvessa
  4465 | D:5      | Entered Level 5 of the Dungeon
  4679 | D:5      | Reached XP level 7. HP: 39/41 MP: 7/12
  4720 | D:5      | Learned a level 4 spell: Flame Wave
  4723 | D:5      | Learned a level 2 spell: Scorch
  4724 | D:5      | Noticed Prince Ribbit
  4733 | D:5      | Killed Prince Ribbit
  4734 | D:5      | Reached skill level 4 in Spellcasting
  4734 | D:5      | Reached skill level 5 in Conjurations
  4734 | D:5      | Reached skill level 5 in Fire Magic
  5184 | D:5      | Noticed Ijyb
  5244 | D:5      | Killed Ijyb
  5333 | D:5      | HP: 8/41 [orc warrior/+0 broad axe (13)]
  5338 | D:5      | Reached skill level 6 in Conjurations
  5338 | D:5      | Reached XP level 8. HP: 11/46 MP: 6/14
  5354 | D:5      | HP: 4/46 [ice beast (9)]
  5356 | D:5      | Reached skill level 6 in Fire Magic
  5380 | D:5      | Found a broken altar of Ashenzari.
  5806 | D:5      | Found a sacrificial altar of Ru.
  5924 | D:5      | Found a shimmering blue altar of Sif Muna.
  6017 | D:5      | Got Sif Muna's Lectures on the Figure
  6229 | D:5      | Reached skill level 7 in Conjurations
  6570 | D:6      | HP: 10/46 [orc priest/divine providence (14)]
  6973 | D:5      | Reached skill level 7 in Fire Magic
  7139 | D:6      | Noticed Maggie
  7362 | D:6      | Reached XP level 9. HP: 33/51 MP: 6/15
  7491 | D:6      | Reached skill level 8 in Conjurations
  7625 | D:6      | Found a basalt altar of Yredelemnul.
  7746 | D:6      | Reached skill level 8 in Fire Magic
  8108 | D:6      | Killed Maggie
  8645 | D:7      | Reached skill level 5 in Spellcasting
  8770 | D:7      | Found a staircase to the Ecumenical Temple.
  8780 | Temple   | Entered the Ecumenical Temple
  9180 | D:7      | Found a glowing silver altar of Zin.
  9189 | D:7      | Found a white marble altar of Elyvilon.
  9487 | D:8      | Found a runed translucent gate.
  9490 | D:8      | Found a runed translucent gate.
  9491 | D:8      | Found a runed translucent gate.
  9493 | D:8      | Noticed deadpool521's ghost (novice HOFi)
  9542 | D:8      | HP: 10/51 [acid dragon (4)]
  9544 | D:8      | Reached skill level 9 in Conjurations
  9824 | D:8      | Reached skill level 9 in Fire Magic
  9948 | D:8      | Found a staircase to the Lair.
  9949 | D:8      | Noticed a komodo dragon
  9978 | D:8      | Killed a komodo dragon
 10139 | D:8      | Reached XP level 10. HP: 56/56 MP: 17/17
 10453 | D:8      | Learned a level 4 spell: Iskenderun's Mystic Blast
 10597 | D:8      | Reached skill level 1 in Translocations
 10599 | D:8      | HP: 7/50 [wight/+0 long sword (13)]
 10600 | D:8      | Slain by a wight

Illustrated notes

Levels and vault maps discovered:
D:1:      dpeg_arrival_connections, layout_basic
D:2:      layout_rooms
D:3:      layout_loops_ring, serial_park_tiny_1, uniq_robin
D:4:      cheibrodos_quashed, layout_basic, xom_teletrap_fun,
          kennysheep_generic_room_9, uniq_duvessa
D:5:      layout_loops_ring, ashenzari_conservatory_becter, led_sif_book,
          old_standard_altar, minmay_fractal_squares_gapless_5,
          uniq_prince_ribbit1, uniq_ijyb
D:6:      layout_cave_pools, lemuel_mausoleum_altar_yredelemnul, serial_rivers,
          chequers_serial_rivers_large_a, chequers_serial_rivers_marsh,
          chequers_serial_rivers_room_a, chequers_serial_rivers_micro_a,
          uniq_maggie
D:7:      layout_basic, mainiacjoe_overflow_swirl,
          minmay_temple_entry_nine_rooms, minivault_24
D:8:      layout_basic, david_lair_shrubbed, biasface_ghost_orc_armoury
Temple:   compressed_dpeg_triangle_lava_temple

Skill      XL: |  1  2  3  4  5  6  7  8  9 10 |
---------------+-------------------------------+-----
Conjurations   | 2 3 4 6 7 9 |  9.5
Spellcasting   | 3 4 5 |  5.0
Fire Magic     | 4 5 7 9 |  9.4
Translocations | 1 |  1.0
Dodging        | |  2.0
Stealth        | |  2.6

Action                   |  1- 3 |  4- 6 |  7- 9 | 10-12 || total
-------------------------+-------+-------+-------+-------++-------
Melee: Short sword       |     6 |       |       |       ||     6
       Constrict         |     2 |     3 |     6 |     3 ||    14
       Dagger            |     3 |     9 |    21 |       ||    33
       Tentacles         |     1 |     1 |     5 |     4 ||    11
       Punch             |       |       |     3 |       ||     3
       Hand axe          |       |       |     8 |     5 ||    13
 Cast: Foxfire           |    74 |   101 |    18 |       ||   193
       Scorch            |       |       |   155 |       ||   155
       Flame Wave        |       |       |     3 |     5 ||     8
  Use: Scroll            |     2 |     9 |    10 |     1 ||    22
       Potion            |       |       |     6 |       ||     6
 Stab: Sleeping          |     1 |     1 |     2 |       ||     4
Armor: Skin              |       |       |     1 |       ||     1
Dodge: Dodged            |     3 |     2 |    69 |     2 ||    76

Table legend: (Time is in decaauts)
 A = Elapsed time spent in this place.
 B = Non-inter-level travel time spent in this place.
 C = Inter-level travel time spent in this place.
 D = Time resting spent in this place.
 E = Time spent auto-exploring this place.
 F = Levels seen in this place.
 G = Mean time per level.
                   A        B        C        D        E       F      G
               +--------+--------+--------+--------+--------+-----+--------+
         Total |  10601 |  10306 |    295 |   3427 |   5592 |   9 | 1177.9 |
       Dungeon |  10325 |  10047 |    278 |   3427 |   5347 |   8 | 1290.6 |
        Temple |    275 |    258 |     17 |      0 |    245 |   1 |  275.0 |
               +--------+--------+--------+--------+--------+-----+--------+

Top non-repeatable levels by time:
     D:5: 2133 daAuts
     D:4: 1579 daAuts
     D:6: 1556 daAuts
     D:1: 1452 daAuts
     D:8: 1031 daAuts
     D:7: 904 daAuts
     D:3: 875 daAuts
     D:2: 792 daAuts
  Temple: 275 daAuts

Table legend:
 A = Kills in this place as a percentage of kills in entire the game.
 B = Kills by you in this place as a percentage of kills by you in the entire game.
 C = Kills by friends in this place as a percentage of kills by friends in the entire game.
 D = Other kills in this place as a percentage of other kills in the entire game.
 E = Experience gained in this place as a percentage of experience gained in the entire game.
 F = Experience gained in this place divided by the number of levels of this place that you have seen.
                   A       B       C       D       E      F
               +-------+-------+-------+-------+-------+----------------------
         Total | 100.0 | 100.0 |   N/A |   N/A | 100.0 | 543.8
       Dungeon | 100.0 | 100.0 |   N/A |   N/A | 100.0 | 611.8
               +-------+-------+-------+-------+-------+----------------------
